AoeStats
← Idle

Nomad

509889615Analyzed
4v4 RM · 2d ago on Sep 28, 2026· 50m 34s· 8 players
Game mode
Random Map
Map size
231×231
Population
200
Speed
Normal
Resources
Standard
Victory
Conquest
Starting age
Dark Age
Ending age
Imperial Age
RankedLock teamsTeams togetherTeam positionsShared explorationLock speedFull tech treeHidden civsTurbo modeCheats
Victory
Defeat
🇦🇷 Mongols · Argentina
1176
+15
🇨🇳 Wu · China
1155
+16
🇨🇳 Byzantines · China
1140
+16
🇦🇷 Celts · Argentina
1125
+17
🇩🇪 Malians · Germany
1211
-18
🇨🇳 Slavs · China
1171
-17
🇨🇳 Persians · China
1127
-15
🇧🇪 Vietnamese · Belgium
1091
-14
ZHurald ZHurdrada
6:02 Loom
17:18 Feudal Age
19:58 Double-Bit Axe
19:57 Horse Collar
21:40 Fishing Lines
24:05 Castle Age
24:10 Gold Mining
24:10 Stone Mining
26:58 Medium Warships
26:53 Gillnets
27:44 Wheelbarrow
28:06 Scale Mail Armor
28:16 Forging
28:09 Town Watch
30:41 Heavy Plow
31:25 Clinker Construction
30:56 Treadmill Crane
31:47 Hand Cart
36:08 Iron Casting
35:49 Chain Mail Armor
35:42 Scale Barding Armor
36:27 Squires
36:12 Arson
35:48 Pikeman
39:17 Imperial Age
37:05 Bow Saw
38:15 Bloodlines
38:05 Husbandry
39:04 Gold Shaft Mining
39:05 Stone Shaft Mining
40:03 Chain Barding Armor
39:35 Fletching
39:41 Halberdier
40:56 Plate Mail Armor
41:26 Blast Furnace
39:59 Heavy Hei Guang Cavalry
42:31 Conscription
47:43 Bodkin Arrow
xiweb
4:57 Loom
14:05 Feudal Age
19:42 Castle Age
18:30 Forging
18:48 Horse Collar
19:03 Double-Bit Axe
21:47 Wheelbarrow
21:36 Fishing Lines
25:20 Gillnets
27:22 Scale Barding Armor
28:57 Iron Casting
30:21 Hand Cart
34:06 Imperial Age
31:54 Gold Mining
31:54 Stone Mining
33:31 Heavy Plow
33:44 Bow Saw
34:12 Gold Shaft Mining
34:12 Stone Shaft Mining
35:24 Conscription
35:55 Fletching
36:59 Chain Barding Armor
38:50 Plate Barding Armor
38:27 Bodkin Arrow
38:50 Logistica
42:15 Elite Cataphract
44:07 Bracer
45:49 Hoardings
45:16 Greek Fire
47:29 Ballistics
46:50 Treadmill Crane
49:37 Husbandry
48:57 Heavy Camel Rider
50:25 Murder Holes
Vagatela
5:04 Loom
19:45 Feudal Age
21:24 Double-Bit Axe
21:24 Horse Collar
23:09 Wheelbarrow
22:28 Gold Mining
22:33 Stone Mining
27:28 Castle Age
25:35 Man-at-Arms
26:17 Scale Mail Armor
26:27 Forging
27:21 Forging
27:35 Arson
28:36 Bow Saw
28:30 Long Swordsman
28:30 Pikeman
30:52 Gold Shaft Mining
30:53 Stone Shaft Mining
30:53 Gold Shaft Mining
30:53 Stone Shaft Mining
30:24 Gambesons
31:48 Pikeman
35:14 Iron Casting
34:55 Chain Mail Armor
34:48 Fletching
DiegoArmando
5:56 Loom
13:42 Feudal Age
18:36 Castle Age
16:35 Double-Bit Axe
17:03 Horse Collar
19:13 Town Watch
19:42 Bow Saw
20:55 Wheelbarrow
23:57 Heavy Plow
25:26 Medium Warships
25:05 Fishing Lines
31:42 Imperial Age
29:29 Hand Cart
29:06 Fletching
31:06 Bodkin Arrow
32:41 Bracer
33:21 Ballistics
33:55 Conscription
34:54 Elite Mangudai
36:06 Padded Archer Armor
36:14 Husbandry
37:27 Leather Archer Armor
37:25 Bloodlines
39:27 Chemistry
45:22 Drill
44:24 Capped Ram
45:55 Siege Ram
Idle
6:50 Loom
13:10 Feudal Age
13:46 Double-Bit Axe
14:00 Town Watch
14:12 Fishing Lines
16:19 Wheelbarrow
20:53 Castle Age
19:05 Gold Mining
21:59 Bow Saw
22:13 Town Patrol
22:16 Gillnets
22:55 Medium Warships
23:49 Scale Mail Armor
24:03 Forging
27:34 Iron Casting
27:45 Horse Collar
29:58 Hand Cart
29:42 Fletching
32:10 Bodkin Arrow
33:44 Gold Shaft Mining
33:17 Scale Barding Armor
33:18 Heavy Plow
32:59 Treadmill Crane
33:30 Masonry
33:45 Ballistics
35:08 Chain Barding Armor
34:52 Stone Mining
37:48 Imperial Age
35:21 Scale Mail Armor
34:53 Man-at-Arms
35:33 Squires
35:19 Arson
35:43 Light Cavalry
36:33 Bloodlines
36:24 Husbandry
37:16 Chain Mail Armor
36:34 Long Swordsman
36:34 Pikeman
37:52 Cavalier
38:34 Farimba
38:55 Conscription
39:12 Plate Barding Armor
40:33 Crop Rotation
41:07 Stone Shaft Mining
39:59 Two-Handed Swordsman
41:23 Plate Mail Armor
44:06 Chemistry
42:59 Champion
GreyElf
4:18 Loom
4:25 Loom
14:05 Feudal Age
15:48 Double-Bit Axe
18:14 Castle Age
15:59 Fishing Lines
17:20 Gold Mining
19:15 Bow Saw
19:42 Wheelbarrow
19:01 Gillnets
21:14 Gold Shaft Mining
21:50 Horse Collar
24:23 Hand Cart
24:42 Heavy Plow
25:22 Stone Mining
26:03 Scale Mail Armor
26:13 Forging
29:46 Imperial Age
27:32 Squires
26:54 Man-at-Arms
27:50 Chain Mail Armor
28:11 Iron Casting
27:59 Town Watch
28:59 Long Swordsman
29:57 Medium Warships
30:38 Two-Handed Swordsman
33:39 Champion
35:14 Plate Mail Armor
35:43 Conscription
36:18 Crop Rotation
36:50 Two-Man Saw
37:19 Blast Furnace
36:35 Capped Ram
38:33 Druzhina
39:40 Padded Archer Armor
41:33 Fletching
43:41 Bodkin Arrow
44:13 Detinets
46:06 Heavy Scorpion
ze'ro
17:59 Feudal Age
21:29 Man-at-Arms
22:55 Double-Bit Axe
23:29 Scale Mail Armor
30:00 Castle Age
27:49 Horse Collar
30:43 Loom
31:35 Wheelbarrow
31:38 Bloodlines
31:53 Squires
32:46 Bow Saw
34:24 Husbandry
34:37 Heavy Plow
37:57 Scale Barding Armor
38:03 Forging
40:39 Imperial Age
40:56 Chain Barding Armor
41:12 Iron Casting
40:54 Cavalier
42:27 Crop Rotation
44:25 Savar
48:00 Plate Barding Armor
48:25 Blast Furnace
49:17 Hand Cart
L'arlecchino
5:20 Loom
13:49 Feudal Age
18:18 Castle Age
17:30 Double-Bit Axe
17:39 Gold Mining
20:51 Horse Collar
25:17 Stone Mining
27:06 Fletching
Connection lost

Rejoining the realm…

Still unreachable

The connection could not be restored.

Session expired

The server has moved on; the page needs a fresh start.